 Dungeon Crawl Stone Soup version 0.29-a0-344-ge2f44be95a (webtiles) character file.

Game seed: 1899006468327433502

14679 spiderkeys the Fighter (level 12, -3/110 HPs)
             Began as a Ghoul Abyssal Knight on Apr 21, 2022.
             Was a High Priest of Lugonu.
             Slain by Erolcha
             ... wielding a +0 giant club
              (26 damage)
             ... on level 10 of the Dungeon.
             The game lasted 00:23:39 (15256 turns).

spiderkeys the Fighter (Ghoul Abyssal Knight)      Turns: 15256, Time: 00:23:39

Health: -3/110     AC: 18    Str: 22    XL:     12   Next: 19%
Magic:  27/27      EV: 10    Int:  5    God:    Lugonu [*****.]
Gold:   618        SH:  5    Dex:  9    Spells: 11/11 levels left

rFire   . . .      SeeInvis .   H - +2 executioner's axe (vorpal) {rare}
rCold   + + .      Faith    .   (shield currently unavailable)
rNeg    + + +      Spirit   .   d - +3 scale mail {rC+}
rPois   ∞          Reflect  +   t - +2 hat
rElec   .          Harm     .   k - +1 cloak
rCorr   .          Rampage  .   K - +0 pair of gloves
Will    +....                   J - +0 pair of boots
Stlth   ..........              q - amulet of reflection
HPRegen 0.00/turn               W - ring of magical power
MPRegen 0.20/turn               D - ring of willpower

@: inhibited regen
A: claws 1, cold resistance 1, negative energy resistance 3, inhibited
regeneration, torment resistance 2, devour on kill
a: Renounce Religion, Depart the Abyss, Bend Space, Banish, Corrupt, Enter the
Abyss


You were on level 10 of the Dungeon.
You worshipped Lugonu.
Lugonu was extremely pleased with you.
You visited 1 branch of the dungeon, and saw 10 of its levels.
You visited the Abyss 1 time.
You also visited: Bailey.

You collected 1558 gold pieces.
You spent 940 gold pieces at shops.


Innate Abilities, Weirdness & Mutations

You are immune to poison.
You have sharp fingernails.
Your flesh is cold resistant. (rC+)
You are immune to negative energy. (rN+++)
You do not regenerate when monsters are visible.
You are immune to unholy pain and torment.
You thrive by killing the living.


   Skills:
 + Level 11.1 Fighting
 * Level 9.6 Axes
 + Level 2.8 Throwing
 + Level 9.1 Armour
 - Level 1.0 Dodging
 - Level 10.0 Invocations


You had 11 spell levels left.
You didn't know any spells.
Your spell library contained the following spells:

 Spells                   Type           Power      Damage    Failure   Level
 Corpse Rot               Necr/Air       0%         N/A       88%         2
 Ensorcelled Hibernation  Hex/Ice        0%         N/A       88%         2
 Passwall                 Tmut/Erth      0%         N/A       88%         2
 Poisonous Vapours        Pois/Air       0%         N/A       88%         2
 Swiftness                Air            0%         N/A       98%         3

Inventory:

Hand Weapons
 a - the +8 war axe "Asussyenox" {pain, rC+}
   (You found it on level 8 of the Dungeon)

   In the hands of one skilled in necromantic magic, it inflicts extra damage on
   living creatures.
   rC:        It protects you from cold.
 H - a +2 vorpal executioner's axe (weapon) {rare}
   (You acquired it on level 5 of the Dungeon)
Missiles
 c - 229 stones
 z - 20 boomerangs (quivered)
 C - 9 poisoned darts
 N - 2 curare-tipped darts {=f}
Armour
 d - a +3 scale mail of cold resistance (worn)
   (You found it in a bailey)
 k - a +1 cloak (worn)
   (You took it off Crazy Yiuf on level 3 of the Dungeon)
 t - a +2 hat (worn)
   (You found it on level 3 of the Dungeon)
 J - a +0 pair of boots (worn)
   (You found it on level 9 of the Dungeon)
 K - a +0 pair of gloves (worn)
   (You found it on level 4 of the Dungeon)
 Z - the +5 ring mail of Ymugguw {Harm Fly rElec Int-2}
   (You bought it in a shop on level 6 of the Dungeon)

   Int:       It affects your intelligence (-2).
   rElec:     It insulates you from electricity.
   Fly:       It grants you flight.
   Harm:      It increases damage dealt and taken.
Magical Staves
 s - a staff of poison {!a}
   (You found it on level 9 of the Dungeon)
Jewellery
 g - an amulet of regeneration
   (You found it on level 4 of the Dungeon)
 q - an amulet of reflection (around neck)
   (You found it on level 3 of the Dungeon)
 D - a ring of willpower (right hand)
   (You found it on level 7 of the Dungeon)
 W - a ring of magical power (left hand)
   (You found it on level 6 of the Dungeon)
Wands
 j - a wand of mindburst (11)
   (You found it on level 8 of the Dungeon)
 w - a wand of flame (17)
   (You found it on level 8 of the Dungeon)
 E - a wand of polymorph (5)
   (You took it off an orc on level 9 of the Dungeon)
 G - a wand of paralysis (5)
   (You took it off Pikel on level 4 of the Dungeon)
 P - a wand of iceblast (11)
   (You found it on level 8 of the Dungeon)
Scrolls
 b - 4 scrolls of fog
 l - 2 scrolls of immolation {!r!r}
 p - a scroll of silence {!r}
 x - 10 scrolls of teleportation {@r4}
 y - a scroll of amnesia
 B - 4 scrolls of blinking {!r}
 M - a scroll of fear
 O - a scroll of brand weapon
Potions
 e - 5 potions of haste {unknown}
 f - a potion of lignification {unknown}
 i - 2 potions of resistance {unknown}
 m - 2 potions of flight {unknown}
 n - 2 potions of might
 o - a potion of attraction {!q}
 r - a potion of cancellation {unknown}
 u - a potion of degeneration {unknown}
 v - 6 potions of curing {unknown}
 A - 2 potions of invisibility {unknown}
 F - a potion of experience {unknown}
 R - a potion of ambrosia {unknown}
 U - 2 potions of mutation {unknown}
 X - a potion of brilliance {unknown}
Miscellaneous
 I - a piece from Xom's chessboard (15/15)
   (You found it in a bailey)

Dungeon Overview and Level Annotations

Branches:
Dungeon (10/15)            Temple (0/1) D:4            Lair (0/6) D:9
 Bailey (visited)
    Orc: D:9-12

Altars:
Fedhas
Uskayaw
The Shining One

Shops:
D:5 ?   D:6 [

Annotations:
D:7 4 runed translucent doors
D:8 2 transporters, CowFu's ghost, novice TrMo
D:10 Erolcha

######### #........
#........ #........
#........
###########<.......
.........@.........
...................
..........#########
..........#
..........#
####......#
#......# ###....#


There were no monsters in sight!


Message History

You kill the yak!
Lugonu accepts your kill.
You feel better. 😕 HP[+2]
You regained 2 hp, and now have 105/110 hp.
No target in view!
No target in view!
Things that are here:
a yak corpse; a yak corpse; a yak corpse 😎 HP[+5]
Your hp is fully restored (110).
Things that are here:
a yak corpse; a yak corpse; a yak corpse Key pressed, stopping explore.
Key pressed, stopping explore.
Key pressed, stopping explore.
You enter the shallow water.
Moving in this stuff is going to be slow.
There is an open door here.
Done exploring.
Done exploring.
Done exploring.
As you read the scroll of identify {@r1}, it crumbles to dust.
O - a scroll of brand weapon Done exploring.
Done exploring.
Okay, then.
Search for what [Enter for "."]? axe
There is an open door here.
You enter the shallow water.
Moving in this stuff is going to be slow.
There is a stone staircase leading down here.
You climb downwards.
Erolcha shouts!
There is a stone staircase leading up here.
Erolcha is nearby!
Erolcha closely misses you.
You hit Erolcha. You closely miss Erolcha.
Erolcha screams, "DIE!"
Erolcha barely misses you.
You slash Erolcha! You block Erolcha's attack.
You barely miss Erolcha. You block Erolcha's attack.
You completely miss Erolcha.
Erolcha casts a spell.
Erolcha flickers and vanishes!
Deactivating autopickup; reactivate with Ctrl-A.
Something hits you! 😕 HP[-14]
You take 14 damage, and now have 96/110 hp.
No target in view!
No target in view!
No target in view!
You hit something. Something hits you. 😕 HP[-6]
You take 6 damage, and now have 90/110 hp.
You closely miss something. Something hits you but does no damage.
You closely miss something. You barely miss something.
Something hits you!! 😮 HP[-27]
You take 27 damage, and now have 63/110 hp.
MASSIVE DAMAGE!! (PAUSE)
You closely miss something.
You hear some strange, mumbled words.
Something tries to affect you, but you resist.
Something hits you!!
* * * LOW HITPOINT WARNING * * *
😨 HP[-27]
You take 27 damage, and now have 36/110 hp.
MASSIVE DAMAGE!! (PAUSE)
You barely miss something. Something hits you but does no damage.
You closely miss something. Something hits you!
* * * LOW HITPOINT WARNING * * *
😱 HP[-10]
You take 10 damage, and now have 26/110 hp.
You closely miss something. Something hits you!
* * * LOW HITPOINT WARNING * * *
😱 HP[-17]
You take 17 damage, and now have 9/110 hp.
You feel much better. 😨 HP[+24]
You regained 24 hp, and now have 33/110 hp.
You feel much better.
You hear some strange, mumbled words.
Something tries to affect you, but you resist. 😮 HP[+25]
You regained 25 hp, and now have 58/110 hp.
You hit something but do no damage.
You hear some strange, mumbled words.
Something hits you!
* * * LOW HITPOINT WARNING * * *
😨 HP[-10]
You take 10 damage, and now have 48/110 hp.
You slash something! Something hits you!!
* * * LOW HITPOINT WARNING * * *
😱 HP[-25]
You take 25 damage, and now have 23/110 hp.
MASSIVE DAMAGE!! (PAUSE)
You barely miss something. Something hits you!!
You die...

Skill      XL: |  1  2  3  4  5  6  7  8  9 10 11 12 |
---------------+-------------------------------------+-----
Dodging        | 1 |  1.0
Armour         | 2 3 4 5 6 7 8 9 |  9.1
Axes           | 2 3 4 5 6 7 9 |  9.6
Fighting       | 4 5 6 8 9 10 11 | 11.1
Invocations    | 3 4 5 6 7 9 10 | 10.0
Throwing       | 2 |  2.8

Action                   |  1- 3 |  4- 6 |  7- 9 | 10-12 || total
-------------------------+-------+-------+-------+-------++-------
Melee: Hand axe          |    72 |   225 |   393 |       ||   690
       Punch             |     1 |     4 |     4 |       ||     9
       Executioner's axe |       |       |   133 |   372 ||   505
Throw: Dart              |       |     6 |     5 |     6 ||    17
       Boomerang         |       |     4 |     4 |    14 ||    22
Invok: Bend Space        |       |       |     1 |     9 ||    10
       Banish            |       |       |       |     5 ||     5
Evoke: Wand              |       |       |       |    10 ||    10
  Use: Scroll            |       |     5 |     7 |     6 ||    18
       Potion            |       |       |     1 |     4 ||     5
Armor: Leather armour    |    23 |       |       |       ||    23
       Ring mail         |     4 |       |       |       ||     4
       Scale mail        |     1 |   104 |   263 |   330 ||   698
Dodge: Dodged            |    55 |    91 |   261 |   302 ||   709
Block: Other             |       |    21 |   143 |   161 ||   325
       Reflection        |       |     1 |     2 |     6 ||     9

Levels and vault maps discovered:
D:1:      dpeg_arrival_simpleton_b, layout_rooms,
          hellmonk_ecumenical_altar_leap_of_faith
D:2:      layout_basic, uniq_terence
D:3:      layout_basic, eat_drink_and_be_merry_uskayaw, uniq_crazy_yiuf_cottage
D:4:      layout_cave_pods, minmay_temple_entry_tees, st_stairs_9, uniq_edmund,
          uniq_pikel, uniq_sigmund, uniq_grinder
D:5:      layout_basic, mainiacjoe_overflow_alcove_1, serial_shops,
          nicolae_shop_crystal
D:6:      layout_gridville, serial_shops, shop_statue,
          chequers_serial_rivers_small_a, uniq_eustachio, uniq_maggie
D:7:      lemuel_bear_cage, layout_rooms, tgw_fedhas, enter_bailey_3,
          minmay_misc_feat_pillars
D:8:      layout_rooms, nzn_ghost_randoct
D:9:      cheibrodos_ideogram_h, layout_rooms, dpeg_lair_monsters
D:10:     kennysheep_spiral_hall, layout_irregular_city, uniq_erolcha

Notes
Turn   | Place    | Note
-------+----------+-------------------------------------------
     0 | Abyss:1  | spiderkeys the Ghoul Abyssal Knight began the quest for the
                  | Orb.
     0 | Abyss:1  | Reached XP level 1. HP: 19/19 MP: 1/1
     0 | Abyss:1  | magus.rc [v1.11.3]
    15 | D:1      | You pass through the gate.
    15 | D:1      | Escaped the Abyss
    33 | D:1      | Reached skill level 1 in Dodging
   245 | D:1      | You pick up a book of Burglary and begin reading...
   245 | D:1      | You add the spells Passwall, Ensorcelled Hibernation and
                  | Swiftness to your library.
   281 | D:1      | Reached skill level 2 in Armour
   281 | D:1      | Reached XP level 2. HP: 23/26 MP: 2/2
   317 | D:1      | Reached skill level 2 in Axes
   398 | D:1      | Found a faded altar of an unknown god.
   618 | D:1      | Reached XP level 3. HP: 31/31 MP: 3/3
   819 | D:2      | Noticed Terence
   832 | D:2      | Killed Terence
   906 | D:2      | Reached XP level 4. HP: 40/40 MP: 5/5
  1126 | D:2      | Reached *** piety under Lugonu
  1199 | D:2      | Reached skill level 4 in Fighting
  1376 | D:2      | Reached skill level 3 in Invocations
  1586 | D:2      | Reached XP level 5. HP: 41/46 MP: 6/6
  1723 | D:2      | You pick up a book of Vapours and begin reading...
  1723 | D:2      | You add the spells Poisonous Vapours and Corpse Rot to your
                  | library.
  2022 | D:3      | Found a hide-covered altar of Uskayaw.
  2804 | D:3      | Found a runed translucent door.
  2805 | D:3      | Noticed Crazy Yiuf
  2814 | D:3      | Killed Crazy Yiuf
  3154 | D:4      | HP: 10/47 [orc priest/divine providence (10)]
  3156 | D:4      | Reached skill level 3 in Axes
  3156 | D:4      | Reached skill level 3 in Armour
  3393 | D:4      | Noticed Grinder
  3414 | D:4      | Killed Grinder
  3415 | D:4      | Reached skill level 5 in Fighting
  3415 | D:4      | Reached skill level 4 in Invocations
  3415 | D:4      | Reached XP level 6. HP: 47/56 MP: 6/8
  3503 | D:4      | Found a staircase to the Ecumenical Temple.
  3525 | D:4      | Noticed Sigmund
  3538 | D:4      | Killed Sigmund
  3539 | D:4      | Reached XP level 7. HP: 60/61 MP: 9/9
  3625 | D:4      | Reached skill level 4 in Axes
  3625 | D:4      | Reached skill level 4 in Armour
  3784 | D:4      | Noticed Pikel
  4440 | D:4      | Noticed Edmund
  4452 | D:4      | Killed Edmund
  4453 | D:4      | Reached skill level 5 in Invocations
  4604 | D:4      | Paralysed by Pikel for 5 turns
  4613 | D:4      | Killed Pikel
  4614 | D:4      | Reached skill level 6 in Fighting
  4614 | D:4      | Reached XP level 8. HP: 59/71 MP: 9/11
  5042 | D:5      | Entered Level 5 of the Dungeon
  5170 | D:4      | HP: 17/71 [gnoll/+0 spear (6)]
  5175 | D:4      | HP: 13/71 [phantom (5)]
  5511 | D:4      | Reached skill level 5 in Axes
  5511 | D:4      | Reached skill level 5 in Armour
  5900 | D:5      | Reached skill level 6 in Invocations
  6212 | D:5      | Reached **** piety under Lugonu
  6366 | D:5      | Found Ynwilune's Magic Scroll Shop.
  6374 | D:5      | Bought a scroll of teleportation for 42 gold pieces
  6374 | D:5      | Bought a scroll of identify for 28 gold pieces
  6374 | D:5      | Bought a scroll of fog for 28 gold pieces
  6374 | D:5      | Bought a scroll of identify for 28 gold pieces
  6675 | D:5      | Reached XP level 9. HP: 40/78 MP: 12/12
  7066 | D:5      | Reached skill level 7 in Fighting
  7528 | D:5      | Identified a scroll of acquirement
  7528 | D:5      | Acquired a +2 vorpal executioner's axe
  7529 | D:5      | H - a +2 vorpal executioner's axe {rare}
  7530 | D:5      | H - a +2 vorpal executioner's axe (weapon) {rare}
  7542 | D:6      | Noticed Eustachio
  7677 | D:6      | Killed Eustachio
  8012 | D:6      | Reached skill level 7 in Invocations
  8168 | D:6      | Found Ebuzut's Antique Armour Shop.
  8187 | D:6      | Reached skill level 6 in Armour
  8224 | D:6      | Noticed Maggie
  8232 | D:6      | Reached skill level 6 in Axes
  8236 | D:6      | HP: 16/80 [Maggie/bolt of fire (18)]
  8240 | D:6      | Killed Maggie
  8968 | D:7      | Reached skill level 8 in Fighting
  9060 | D:7      | Found a huge runed translucent gate.
  9060 | D:7      | Found a huge runed translucent gate.
  9060 | D:7      | Found a huge runed translucent gate.
  9060 | D:7      | Found a huge runed translucent gate.
  9060 | D:7      | Noticed a polar bear
  9060 | D:7      | Noticed a polar bear
  9060 | D:7      | Noticed a polar bear
  9060 | D:7      | Noticed a polar bear
  9060 | D:7      | Noticed a polar bear
  9060 | D:7      | Noticed a polar bear
  9060 | D:7      | Noticed a polar bear
  9060 | D:7      | Noticed a death yak
  9061 | D:7      | Noticed a polar bear
  9140 | D:7      | Found a blossoming altar of Fedhas.
  9213 | D:7      | Reached XP level 10. HP: 88/88 MP: 14/14
  9219 | D:7      | Reached ***** piety under Lugonu
  9237 | D:7      | Found a flagged portal.
  9246 | Bailey   | Entered a bailey
  9252 | Bailey   | Noticed an orc warlord
  9291 | Bailey   | Noticed an orc knight
  9298 | Bailey   | Banished an orc knight
  9299 | Bailey   | Reached skill level 8 in Invocations
  9303 | Bailey   | HP: 13/90 [orc warrior/+0 war axe (23)]
  9311 | Bailey   | HP: 18/90 [orc warrior/+0 war axe (7)]
  9312 | Bailey   | HP: 6/90 [orc warrior/+0 war axe (15)]
  9544 | Bailey   | Found a runed translucent gate.
  9546 | Bailey   | Found a runed translucent gate.
  9548 | Bailey   | Found a runed translucent gate.
  9685 | Bailey   | Banished an orc warlord
  9686 | Bailey   | Reached skill level 9 in Fighting
  9686 | Bailey   | Reached skill level 7 in Axes
  9686 | Bailey   | Reached skill level 7 in Armour
  9927 | Bailey   | Acquired 825 gold pieces
 10688 | D:6      | Bought a scorched plate armour for 616 gold pieces
 10688 | D:6      | Identified the +0 plate armour "Qealicwi" {rN+ Int-2 Dex+3}
                  | (You bought it in a shop on level 6 of the Dungeon)
 10688 | D:6      | Bought an ichor-stained ring mail for 198 gold pieces
 10688 | D:6      | Identified the +5 ring mail of Ymugguw {Harm Fly rElec
                  | Int-2} (You bought it in a shop on level 6 of the Dungeon)
 10814 | D:7      | Noticed an oklob plant
 10829 | D:7      | Killed an oklob plant
 10957 | D:8      | Reached skill level 9 in Invocations
 11244 | D:8      | Found a transporter.
 11253 | D:8      | Noticed CowFu's ghost (novice TrMo)
 11284 | D:8      | Reached XP level 11. HP: 99/99 MP: 16/16
 11465 | D:8      | Identified the +8 war axe "Asussyenox" {pain, rC+}
 11532 | D:8      | Found a transporter.
 11885 | D:9      | Reached skill level 8 in Axes
 11895 | D:8      | Reached skill level 8 in Armour
 11939 | D:9      | Noticed an eight-headed hydra
 11950 | D:8      | Reached skill level 10 in Fighting
 12454 | D:7      | HP: 22/99 [orc warrior/+2 vorpal dire flail (11)]
 13038 | D:9      | HP: 22/99 [nine-headed hydra (4)]
 13041 | D:8      | Banished a nine-headed hydra
 13438 | D:9      | Reached skill level 10 in Invocations
 13754 | D:9      | Reached skill level 1 in Throwing
 13813 | D:9      | Noticed a two-headed ogre
 13820 | D:9      | Killed a two-headed ogre
 13921 | D:9      | Noticed a cyan ugly thing
 13932 | D:9      | Killed a cyan ugly thing
 13933 | D:9      | Reached skill level 9 in Axes
 14217 | D:9      | Noticed a death yak
 14218 | D:9      | Noticed a death yak
 14223 | D:9      | Noticed a death yak
 14226 | D:9      | Killed a death yak
 14227 | D:9      | Reached skill level 2 in Throwing
 14230 | D:9      | Killed a death yak
 14231 | D:9      | Reached XP level 12. HP: 50/108 MP: 18/18
 14235 | D:9      | Found a staircase to the Lair.
 14237 | D:9      | HP: 26/108 [killer bee (2)]
 14615 | D:9      | Reached skill level 11 in Fighting
 14617 | D:9      | Killed a death yak
 14618 | D:9      | Reached skill level 9 in Armour
 14619 | D:9      | HP: 23/110 [killer bee (6)]
 15232 | D:10     | Entered Level 10 of the Dungeon
 15232 | D:10     | Noticed Erolcha
 15247 | D:10     | HP: 26/110 [something (10)]
 15248 | D:10     | HP: 9/110 [something (17)]
 15255 | D:10     | HP: 23/110 [something (25)]
 15256 | D:10     | Slain by Erolcha

Vanquished Creatures
  A two-headed ogre (D:9)
  3 death yaks (D:9)
  Pikel (D:4)
  An ugly thing (D:9)
  An oklob plant (D:7)
  Maggie (D:6)
  2 trolls
  2 hornets
  Grinder (D:4)
  Sigmund (D:4)
  5 wyverns
  A wraith (D:8)
  5 yaks
  4 steam dragons (D:9)
  Eustachio (D:6)
  Edmund (D:4)
  2 acid dragons (D:8)
  3 water moccasins
  A sky beast (D:8)
  An ice beast (D:6)
  6 orc warriors
  2 ogres
  7 centaurs
  4 lemures (D:3)
  A phantom (D:4)
  4 bullfrogs
  3 kobold brigands (D:7)
  2 necrophages
  4 scorpions
  A hornet simulacrum (D:9)
  7 wights
  6 killer bees (D:9)
  2 howler monkeys (D:9)
  2 jellies
  2 hounds
  12 orc priests
  Crazy Yiuf (D:3)
  2 gnoll shamans
  7 iguanas
  Terence (D:2)
  11 orc wizards
  A hell rat (D:9)
  20 gnolls
  6 adders
  A shadow imp (D:7)
  A howler monkey simulacrum (D:9)
  2 ufetubi
  4 worms
  9 dart slugs
  39 orcs
  5 ball pythons
  7 endoplasms
  2 giant cockroaches
  15 goblins
  8 hobgoblins
  2 jackals (D:1)
  30 kobolds
  4 quokkas
  6 bats
  3 frilled lizards
  7 rats
297 creatures vanquished.

Vanquished Creatures (others)
  A kobold demonologist (D:9)
  An orc (D:5)
  9 fungi
  8 plants (D:7)
19 creatures vanquished.

Grand Total: 316 creatures vanquished

Table legend:
 A = Non-vault XP
 B = Vault XP
 C = Vault XP percentage of total XP
 D = Non-vault monster count
 E = Vault monster count
 F = Vault count percentage of total count
                 A         B        C        D         E       F
            +---------+---------+-------+---------+---------+-------
      Total |    8223 |   12747 |  60.8 |     225 |      74 |  24.7
            +---------+---------+-------+---------+---------+-------
        D:1 |      45 |       0 |   0.0 |      25 |       0 |   0.0
        D:2 |      97 |      36 |  27.1 |      24 |       1 |   4.0
        D:3 |      42 |      40 |  48.8 |      13 |       1 |   7.1
        D:4 |     393 |    1332 |  77.2 |      19 |       7 |  26.9
        D:5 |     665 |       0 |   0.0 |      22 |       0 |   0.0
        D:6 |     843 |     561 |  40.0 |      25 |       2 |   7.4
        D:7 |    1354 |     855 |  38.7 |      49 |       7 |  12.5
        D:8 |    2092 |    2074 |  49.8 |      21 |       8 |  27.6
        D:9 |    2692 |    5617 |  67.6 |      27 |      20 |  42.6
     Bailey |       0 |    2232 | 100.0 |       0 |      28 | 100.0
            +---------+---------+-------+---------+---------+-------

Illustrated notes

Table legend:
 A = Kills in this place as a percentage of kills in entire the game.
 B = Kills by you in this place as a percentage of kills by you in the entire game.
 C = Kills by friends in this place as a percentage of kills by friends in the entire game.
 D = Other kills in this place as a percentage of other kills in the entire game.
 E = Experience gained in this place as a percentage of experience gained in the entire game.
 F = Experience gained in this place divided by the number of levels of this place that you have seen.
                   A       B       C       D       E      F
               +-------+-------+-------+-------+-------+----------------------
         Total | 100.0 | 100.0 |   N/A | 100.0 | 100.0 | 1747.5
       Dungeon |  90.6 |  91.5 |   N/A |  50.0 |  89.4 | 1873.8
        Bailey |   9.4 |   8.5 |   N/A |  50.0 |  10.6 | 2232.0
               +-------+-------+-------+-------+-------+----------------------

Table legend: (Time is in decaauts)
 A = Elapsed time spent in this place.
 B = Non-inter-level travel time spent in this place.
 C = Inter-level travel time spent in this place.
 D = Time resting spent in this place.
 E = Time spent auto-exploring this place.
 F = Levels seen in this place.
 G = Mean time per level.
                   A        B        C        D        E       F      G
               +--------+--------+--------+--------+--------+-----+--------+
         Total |  15648 |  15222 |    426 |   4793 |   7314 |  12 | 1304.0 |
       Dungeon |  14908 |  14482 |    426 |   4419 |   7189 |  10 | 1490.8 |
         Abyss |     15 |     15 |      0 |      0 |      7 |   1 |   15.0 |
        Bailey |    724 |    724 |      0 |    374 |    118 |   1 |  724.0 |
               +--------+--------+--------+--------+--------+-----+--------+

Top non-repeatable levels by time:
     D:8: 2271 daAuts
     D:4: 2055 daAuts
     D:3: 1938 daAuts
     D:5: 1803 daAuts
     D:7: 1692 daAuts
     D:6: 1642 daAuts
     D:9: 1564 daAuts
     D:2: 1095 daAuts
     D:1: 815 daAuts
  Bailey: 724 daAuts
    D:10: 30 daAuts
 Abyss:1: 15 daAuts
